 Dungeon Crawl Stone Soup version 0.32-a0-933-ga8fa363 (webtiles) character file.

Game seed: 7604287918668405055

100565 Huckle the Bewitcher (level 15, -3/80 HPs)
             Began as a Felid Shapeshifter on Apr 10, 2024.
             Was a Believer of Ru.
             Slain by a faun
             ... wielding a +0 spear
              (15 damage)
             ... on level 2 of the Shoals on Apr 14, 2024.
             The game lasted 03:15:38 (29837 turns).

Huckle the Bewitcher (Felid Shapeshifter)          Turns: 29837, Time: 03:15:39

Health: -3/80      AC:  3    Str: 10    XL:     15   Next: 80%
Magic:  7/31       EV: 23    Int: 25    God:    Ru [**....]
Gold:   117        SH:  0    Dex: 18    Spells: 2/36 levels left
                                        Lives:  0   Deaths: 5

rFire   . .          .
                       - Unarmed
rCold   + . .        (shield unavailable)
rNeg    . . .        (body armour unavailable)
rPois   .            (helmet unavailable)
rElec   .            (cloak unavailable)
rCorr   .            (gloves unavailable)
SInv    +            (boots unavailable)
Will    ++...        d - amulet of regeneration
Stlth   +++++        v - ring of flight
HPRegen 1.13/turn    f - +6 ring of intelligence
MPRegen 0.22/turn

%: no passive effects
@: beast-form, flying, very slightly contaminated, slowed, invisible, very slow
A: beast (slay +4), very small, claws 1, fangs 3, see invisible, shaggy fur 3,
inability to use devices, stealthy paws, no weapons or thrown items, no armour,
multi-lived
a: Begin Untransformation, Renounce Religion


You were on level 2 of the Shoals.
You worshipped Ru.
Ru was pleased with you.
You were a hulking beast.
You visited 7 branches of the dungeon, and saw 28 of its levels.

You collected 2282 gold pieces.
You spent 2165 gold pieces at shops.

Inventory:

Jewellery
 d - an amulet of regeneration (around neck)
 e - the ring of the Skiapode {rElec rPois rF+++ rN+ Dex-2}
   (You bought it in a shop on level 3 of the Dungeon)

   [ring of poison resistance]

   Dex-2:     It affects your dexterity (-2).
   rF+++:     It renders you almost immune to fire.
   rElec:     It insulates you from electricity.
   rPois:     It protects you from poison.
   rN+:       It protects you from negative energy.
 f - a +6 ring of intelligence (right paw)
 i - a ring of protection from cold
 m - the ring "Zekhlob" {Will+ Dex+6}
   (You found it on level 5 of the Lair of Beasts)

   [ring of dexterity]

   Dex+6:     It affects your dexterity (+6).
   Will+:     It increases your willpower.
 o - a ring of ice
 u - a ring of protection from fire
 v - a ring of flight (left paw)
 z - a ring of positive energy
 C - an amulet of magic regeneration
 E - an amulet of reflection
 H - a +6 ring of strength
Talismans
 b - a beast talisman (active)
 c - a flux talisman
Scrolls
 j - a scroll of teleportation
 n - 5 scrolls of noise
 q - 7 scrolls of fog
 x - a scroll of butterflies
 y - 3 scrolls of immolation
 A - a scroll of amnesia
 B - a scroll of blinking
 J - 6 scrolls of revelation
 K - a scroll of acquirement
Potions
 a - 2 potions of brilliance
 g - 4 potions of mutation
 h - 2 potions of haste
 l - a potion of enlightenment
 p - a potion of ambrosia
 s - 3 potions of resistance
 t - a potion of cancellation
 w - 3 potions of curing
 F - 4 potions of magic


   Skills:
 - Level 10.0 Fighting
 - Level 10.0 Dodging
 - Level 10.0 Stealth
 - Level 10.0 Unarmed Combat
 + Level 11.1 Spellcasting
 + Level 16.6 Hexes
 - Level 7.3 Translocations
 - Level 13.7 Shapeshifting


You had 2 spell levels left.
You knew the following spells:

 Your Spells              Type           Power      Damage    Failure   Level
c - Passwall              Erth           13%        N/A       13%         3
d - Anguish               Hex/Necr       26%        N/A       1%          4
e - Cause Fear            Hex            38%        N/A       1%          4
f - Enfeeble              Hex            38%        N/A       4%          7
g - Passage of Golubria   Tloc           50%        N/A       1%          4
k - Blink                 Tloc           100%       N/A       1%          2
l - Lesser Beckoning      Tloc           100%       N/A       1%          2
D - Discord               Hex            38%        N/A       30%         8

Your spell library contained the following spells:

 Spells                   Type           Power      Damage    Failure   Level
 Ensorcelled Hibernation  Hex/Ice        100%       N/A       1%          2
 Momentum Strike          Conj/Tloc      64%        3d9       1%          2
 Necrotise                Necr           52%        1d6       4%          1
 Sandblast                Erth           26%        2d8       4%          1
 Cigotuvi's Dreadful Rot  Necr/Alch/Air  26%        N/A       7%          2
 Dazzling Flash           Conj/Hex       100%       N/A       1%          3
 Silence                  Hex/Air        26%        N/A       4%          5
 Hailstorm                Conj/Ice       13%        3d6       13%         3
 Mephitic Cloud           Conj/Alch/Air  13%        N/A       13%         3
 Stone Arrow              Conj/Erth      26%        3d8       13%         3
 Summon Ice Beast         Ice/Summ       13%        N/A       13%         3
 Swiftness                Air            13%        N/A       13%         3
 Vampiric Draining        Necr           13%        2d6       13%         3
 Brom's Barrelling Bould  Conj/Erth      13%        2d4       41%         4
 Ignite Poison            Fire/Alch      13%        N/A       41%         4
 Martyr's Knell           Necr/Summ      13%        N/A       41%         4
 Olgreb's Toxic Radiance  Alch           13%        N/A       41%         4
 Summon Blazeheart Golem  Fire/Summ      13%        N/A       41%         4
 Curse of Agony           Necr           13%        N/A       77%         5
 Freezing Cloud           Conj/Ice/Air   6%         6-21      77%         5
 Permafrost Eruption      Ice/Erth       6%         2x4d3     100%        6
 Sculpt Simulacrum        Ice/Alch       6%         N/A       100%        6
 Orb of Destruction       Conj           6%         9d6       100%        7
 Ozocubu's Refrigeration  Ice            6%         4d8       100%        7
 Spellforged Servitor     Conj/Summ      6%         N/A       100%        7
 Lehudib's Crystal Spear  Conj/Erth      6%         10d3      100%        8


Dungeon Overview and Level Annotations

Branches:
Dungeon (15/15)            Temple (1/1) D:7            Lair (5/5) D:11
 Shoals (2/4) Lair:2        Snake (1/4) Lair:3        Slime (0/5) Lair:4
    Orc (2/2) D:12            Elf (2/3) Orc:2
 Vaults: D:13-14     Depths: D:15

Altars:
Ashenzari
Cheibriados
Dithmenos
Elyvilon
Fedhas
Gozag
Hepliaklqana
Kikubaaqudgha
Makhleb
Nemelex Xobeh
Okawaru
Qazlal
Ru
Sif Muna
Trog
Uskayaw
Vehumet
Wu Jian
Xom
Yredelemnul
Zin
The Shining One
Beogh

Shops:
D:3 =   D:5 *   D:6 :*   D:11 :   D:12 ?(:   D:14 [*:!   Orc:1 (   Orc:2 ?!?=
Elf:1 [

Annotations:
D:15 Rupert


Innate Abilities, Weirdness & Mutations

You are a hulking beast.
Your limbs bulge with bestial killing power. (Slay +4)
You have sharp claws.
You have razor-sharp teeth.
You have supernaturally acute eyesight. (SInv)
Your thick and shaggy fur keeps you warm. (AC +3, rC+)
You cannot study or use magical devices.
Your paws help you pounce on unaware monsters.
You are incapable of wielding weapons or throwing items.
You cannot wear armour.
You gain extra lives every three experience levels.


Message History

The faun begins to cast a spell, but is stunned by your conviction!
Okay, then.
Unknown command.
Unknown command.
Okay, then.
Unknown command.
Unknown command.
You feel your willpower return.
Casting: Cause Fear (safe; 1% risk of failure)
Confirm with . or Enter, or press ? or * to list all spells.
Aiming: Passage of Golubria (dangerous; 1% risk of failure)
Press: ? - help, Dir - move target
Okay, then.
Unknown command.
Unknown command.
The faun unwields a +0 sling.
The faun wields a +0 spear.
The faun hits you with a +0 spear!
You scratch the faun.
The faun is lightly wounded.
The faun gestures at you while chanting.
You resist with almost no effort.
You claw the faun!
The faun is heavily wounded.
The faun hits you with a +0 spear!
You barely miss the faun.
The faun is moderately wounded.
The faun completely misses you. The faun hits you with a +0 spear!
* * * LOW HITPOINT WARNING * * *
Okay, then.
You feel better.
You fade into invisibility!
The faun begins to cast a spell, but is stunned by your conviction! x2
The faun hits you with a +0 spear!
* * * LOW HITPOINT WARNING * * *
The faun points at you and mumbles some strange words.
You resist with almost no effort. The faun casts a spell at you.
The faun's willpower is stripped away!
The faun hits you with a +0 spear!
You die...
Ru respects your ultimate sacrifice.

.≈≈........≈≈.....~~~~~~~~~~~~~~~
P≈~.....≈≈≈≈≈.........~~~~~~~~~~≈
~~.)<..≈≈≈≈≈.^.........~~~~~~~~~≈
PP~.(.≈≈≈...............~~~~~~~~≈
..~~≈≈≈≈.....>.........~~~~~~~~~~
~~~~~~~P.P...........~~~~~~~~c~~~
..÷.~.P..............~~.c...~~~~~
.......P..###....##..~..##..~~~~≈
#..~...PP..##...h##.....##...~~~~
##..~.~~P..##...c.c.~~c~...~~~~~~
##..~PP~.~~.......#..~~~~~~~~~~~~
P.....~......##..###?~~~~~~~~~~~~
P.....~.....~ ##.# #.~~~~~~~≈~~~≈
...##....... ..# #.~~≈~~~~≈≈≈≈≈
~... ....... .... .~~~≈~~~~≈≈≈≈≈
~~.P ...... ~.....~~~~~~~~≈≈≈≈≈≈
P~~~ ...~~ ~~~.# ~~~~~~~≈≈≈≈≈≈


You could see 3 fauns.

Vanquished Creatures
  Jorgrun (D:12)
  Polyphemus (Shoals:2)
  Nessos (Lair:5)
  An ettin (Orc:1)
  A merfolk javelineer (Shoals:1)
  Erolcha (D:14)
  3 hydras
  4 ogre magi (Orc:2)
  20 two-headed ogres
  2 catoblepae
  6 centaur warriors
  5 death yaks
  An orc high priest (D:12)
  Sonja (Lair:4)
  Urug (Lair:4)
  A deep elf knight (Elf:1)
  2 skysharks
  A deep elf archer (Elf:1)
  2 sea snakes (Shoals:2)
  A swamp dragon (Lair:5)
  Pikel (D:10)
  2 lindwurms
  3 deep elf pyromancers
  6 cyclopes
  2 harpies (Shoals:1)
  4 deep elf zephyrmancers
  An ugly thing (D:12)
  12 elephants
  Maurice (D:7)
  10 manticores
  2 torpor snails (Lair:5)
  2 kobold blastminers
  5 black mambas
  A water nymph (Shoals:2)
  Maggie (Lair:2)
  7 cane toads
  A gargoyle (D:12)
  7 rime drakes
  An unseen horror (D:9)
  Jeremiah (D:9)
  9 komodo dragons
  3 kobold demonologists
  An efreet (D:15)
  4 trolls
  3 merfolk (Shoals:1)
  4 polar bears
  A hornet (D:8)
  3 wind drakes
  2 snapping turtles
  24 blink frogs
  5 dream sheep
  A shadow (D:11)
  19 slime creatures
  A water elemental (D:11)
  7 wyverns
  A yak (shapeshifter) (D:13)
  42 yaks
  2 vampires
  10 basilisks
  3 wraiths
  4 vampire mosquitoes
  A warg (Orc:2)
  7 steam dragons
  15 water moccasins
  3 acid dragons
  13 orc warriors
  A swamp drake (Lair:5)
  An ice beast (D:8)
  2 sky beasts
  3 black bears
  31 ogres
  54 wolves
  6 centaurs
  A phantom (D:5)
  2 kobold brigands (D:9)
  11 bullfrogs
  2 gnoll sergeants
  3 scorpions (D:6)
  A wight (D:7)
  A howler monkey (D:5)
  4 electric eels (D:11)
  A crimson imp (D:4)
  3 hounds (D:7)
  18 orc priests
  2 bombardier beetles (D:5)
  4 jellies
  3 sleepcaps
  6 hell rats (Lair:4)
  6 iguanas
  19 orc wizards
  12 gnolls
  12 adders
  2 shadow imps
  4 white imps
  2 ufetubi (D:5)
  3 dart slugs
  A ribbon worm (D:2)
  64 orcs
  12 endoplasms
  3 giant cockroaches
  7 goblins
  12 hobgoblins
  8 jackals
  A quokka (D:1)
  10 ball pythons
  3 bats
  6 frilled lizards
  23 kobolds
  A rat (D:1)
  A butterfly (D:7)
686 creatures vanquished.

Vanquished Creatures (collateral kills)
  A two-headed ogre (D:9)
  A death yak (Shoals:2)
2 creatures vanquished.

Vanquished Creatures (others)
  An ice dragon (Lair:5)
  A harpy (Shoals:1)
  A manticore (Shoals:2)
  3 centaurs
  An electric eel (D:11)
  An iguana (Lair:5)
  A hell rat (Lair:4)
  An orc (Orc:2)
10 creatures vanquished.

Grand Total: 698 creatures vanquished

Notes
Turn   | Place    | Note
-------+----------+-------------------------------------------
     0 | D:1      | Huckle the Felid Shapeshifter began the quest for the Orb.
     0 | D:1      | Reached XP level 1. HP: 10/10 MP: 2/2
   175 | D:1      | Reached XP level 2. HP: 3/14 MP: 3/3
   474 | D:1      | Reached skill level 1 in Stealth
   683 | D:1      | Reached XP level 3. HP: 16/18 MP: 4/4
   845 | D:2      | Learned a level 2 spell: Ensorcelled Hibernation
  1199 | D:2      | Reached XP level 4. HP: 15/23 MP: 5/5
  1199 | D:2      | Gained a life (2 lives remaining)
  1516 | D:3      | Found Sueqyloi's Jewellery Emporium.
  1790 | D:3      | Found a hazy altar of Hepliaklqana.
  1956 | D:3      | Found a faded altar of an unknown god.
  2174 | D:4      | Found a glowing silver altar of Zin.
  2183 | D:4      | Reached XP level 5. HP: 25/26 MP: 6/6
  2237 | D:4      | Found a burning altar of Makhleb.
  2237 | D:4      | Noticed an ogre
  2489 | D:5      | Entered Level 5 of the Dungeon
  2780 | D:5      | Gained mutation: You are covered in thick fur. (AC +2)
                  | [Felid growth]
  2780 | D:5      | Reached XP level 6. HP: 31/32 MP: 7/7
  2993 | D:5      | HP: 1/32 [burnt (4)]
  2994 | D:5      | Incinerated by a bombardier beetle
  2994 | D:5      | Lost a life (1 life remaining)
  3003 | D:5      | Found Equwig's Assorted Antiques.
  3006 | D:5      | Bought an ivory wand for 72 gold pieces
  3006 | D:5      | Bought an agate ring for 90 gold pieces
  3006 | D:5      | Bought a potion of heal wounds for 90 gold pieces
  3006 | D:5      | Bought a scroll labelled NAWAFE YRPHU for 18 gold pieces
  3006 | D:5      | Bought a scroll labelled JYROVV KYKEY for 18 gold pieces
  3006 | D:5      | Bought a scroll labelled GANAWIUNENO for 18 gold pieces
  3006 | D:5      | Bought a scroll labelled MUWATWAXIO for 18 gold pieces
  3044 | D:5      | Found a snail-covered altar of Cheibriados.
  3056 | D:5      | Found an opulent altar of Gozag.
  3187 | D:5      | Reached XP level 7. HP: 34/36 MP: 8/8
  3187 | D:5      | Gained a life (2 lives remaining)
  3287 | D:5      | Reached skill level 5 in Unarmed Combat
  3524 | D:6      | Found Pudofil's General Store.
  3529 | D:6      | Bought a scroll of identify for 26 gold pieces
  3623 | D:5      | Bought a dark potion for 16 gold pieces
  3809 | D:4      | Reached XP level 8. HP: 38/42 MP: 9/9
  3983 | D:6      | Reached skill level 5 in Dodging
  4311 | D:6      | Identified the +0 long sword "Byaguk" {protect, rF+ Stlth+}
  4335 | D:6      | Found Zots's Book Emporium.
  4393 | D:6      | Reached skill level 5 in Shapeshifting
  4602 | D:6      | Reached skill level 5 in Fighting
  4984 | D:6      | Reached skill level 5 in Stealth
  5204 | D:7      | Noticed Maurice
  5211 | D:7      | Killed Maurice
  5256 | D:7      | Reached XP level 9. HP: 13/48 MP: 10/10
  5456 | D:7      | Reached skill level 1 in Hexes
  5492 | D:7      | Reached skill level 1 in Spellcasting
  5576 | D:7      | Reached skill level 1 in Translocations
  5690 | D:7      | Found a staircase to the Ecumenical Temple.
  5698 | Temple   | Entered the Ecumenical Temple
  5707 | Temple   | Became a worshipper of Ru the Awakened
  5731 | D:7      | Upgraded the game from 0.32-a0-918-g0f22ef8 to
                  | 0.32-a0-921-g04a7ad8
  6006 | D:8      | Reached skill level 2 in Hexes
  6344 | D:7      | Reached skill level 3 in Hexes
  6629 | D:8      | Reached XP level 10. HP: 48/53 MP: 14/14
  7115 | D:9      | Noticed a two-headed ogre
  7209 | D:9      | Found a radiant altar of Vehumet.
  7397 | D:9      | Noticed Jeremiah
  7462 | D:9      | Killed Jeremiah
  7505 | D:9      | Noticed Pikel
  7567 | D:9      | Learned a level 4 spell: Passage of Golubria
  7571 | D:9      | Learned a level 3 spell: Passwall
  7741 | D:8      | Reached skill level 4 in Hexes
  7945 | D:9      | HP: 1/55 [two-headed ogre/+0 giant spiked club (34)]
  7946 | D:9      | Killed a two-headed ogre
  8035 | D:9      | Found a stormy altar of Qazlal.
  8145 | D:10     | Entered Level 10 of the Dungeon
  8360 | D:10     | Noticed a two-headed ogre
  8382 | D:10     | Killed a two-headed ogre
  8775 | D:10     | Reached skill level 5 in Hexes
  9040 | D:10     | Found an ancient bone altar of Kikubaaqudgha.
  9069 | D:10     | Reached XP level 11. HP: 59/60 MP: 16/16
  9075 | D:10     | Reached skill level 5 in Translocations
  9092 | D:10     | Found a shimmering blue altar of Sif Muna.
  9103 | D:10     | Found a hide-covered altar of Uskayaw.
  9104 | D:10     | Found an iron altar of Okawaru.
  9104 | D:10     | Found a glowing golden altar of the Shining One.
  9564 | D:9      | Paralysed by Pikel for 4 turns
  9577 | D:9      | Paralysed by Pikel for 4 turns
  9599 | D:10     | Killed Pikel
 10065 | D:11     | Noticed a two-headed ogre
 10133 | D:12     | Noticed a two-headed ogre
 10270 | D:12     | Reached skill level 6 in Hexes
 10297 | D:12     | Found a staircase to the Orcish Mines.
 10344 | D:12     | Found Imivy's Weapon Emporium.
 10449 | D:12     | Found Itrutt's Magic Scroll Shop.
 10454 | D:12     | Bought a scroll of identify for 26 gold pieces
 10454 | D:12     | Bought a scroll of revelation for 97 gold pieces
 10454 | D:12     | Bought a scroll of identify for 26 gold pieces
 10454 | D:12     | Bought a scroll of noise for 13 gold pieces
 10454 | D:12     | Bought a scroll of fog for 52 gold pieces
 10454 | D:12     | Bought a scroll of blinking for 97 gold pieces
 10454 | D:12     | Bought a scroll of identify for 26 gold pieces
 10457 | D:12     | Identified a scroll of acquirement
 10568 | D:12     | Noticed Jorgrun
 10569 | D:12     | Upgraded the game from 0.32-a0-921-g04a7ad8 to
                  | 0.32-a0-928-g1cae6b7
 10634 | D:11     | Found a staircase to the Lair.
 10642 | Lair:1   | Entered Level 1 of the Lair of Beasts
 11178 | Lair:1   | Found a shadowy altar of Dithmenos.
 11609 | Lair:2   | Noticed Maggie
 11619 | Lair:1   | Gained mutation: Your thick and shaggy fur keeps you warm.
                  | (AC +3, rC+) [Felid growth]
 11619 | Lair:1   | Reached XP level 12. HP: 57/66 MP: 19/19
 11791 | Lair:2   | Found a staircase to the Shoals.
 11922 | Lair:2   | Reached skill level 7 in Hexes
 12642 | Lair:2   | Reached skill level 10 in Unarmed Combat
 12939 | Lair:2   | Learned a level 7 spell: Enfeeble
 13136 | Lair:2   | Killed from afar by a lindwurm
 13136 | Lair:2   | Lost a life (1 life remaining)
 13329 | Lair:3   | Noticed a five-headed hydra
 13341 | Lair:2   | Reached skill level 5 in Spellcasting
 13471 | Lair:2   | Killed Maggie
 13615 | Lair:3   | Found a staircase to the Snake Pit.
 13657 | Lair:3   | Reached skill level 8 in Hexes
 14011 | Lair:3   | Reached skill level 10 in Stealth
 14048 | Lair:3   | Reached skill level 10 in Fighting
 14057 | Lair:3   | Reached skill level 10 in Dodging
 14846 | Lair:3   | Reached XP level 13. HP: 47/72 MP: 22/22
 14846 | Lair:3   | Gained a life (2 lives remaining)
 14995 | Lair:4   | Noticed Sonja
 15077 | Lair:4   | Gained mutation: You cannot study or use magical devices.
                  | [Ru sacrifice]
 15077 | Lair:4   | Reached * piety under Ru
 15077 | Lair:4   | Reached ** piety under Ru
 15196 | Lair:4   | Reached skill level 9 in Hexes
 15314 | Lair:4   | Noticed Urug
 15520 | Lair:4   | Upgraded the game from 0.32-a0-928-g1cae6b7 to
                  | 0.32-a0-931-g5a2cda0
 15634 | Lair:5   | Entered Level 5 of the Lair of Beasts
 15686 | Lair:5   | Reached skill level 10 in Shapeshifting
 15709 | Lair:5   | HP: 3/72 [blink frog (5)]
 15710 | Lair:5   | HP: 1/72 [blink frog (3)]
 15741 | Lair:5   | Slain by a cane toad
 15741 | Lair:5   | Lost a life (1 life remaining)
 15772 | Lair:5   | Learned a level 4 spell: Cause Fear
 15797 | Lair:5   | Learned a level 4 spell: Anguish
 16138 | Lair:4   | Reached skill level 10 in Hexes
 16751 | Lair:4   | Killed Sonja
 16772 | Lair:4   | Found a staircase to the Slime Pits.
 16850 | Lair:4   | Slain by Urug
 16850 | Lair:4   | Lost a life (0 lives remaining)
 16875 | Lair:4   | Killed Urug
 16909 | Lair:5   | Noticed Nessos
 17371 | Lair:5   | Reached skill level 11 in Hexes
 17470 | Lair:5   | Killed Nessos
 18568 | Lair:5   | Reached XP level 14. HP: 77/77 MP: 26/26
 18568 | Lair:5   | Gained a life (1 life remaining)
 18856 | D:11     | Found Wiegula's Self-Improvement Boutique.
 19370 | D:12     | Found Qetsucra's Book Boutique.
 19580 | D:13     | Reached skill level 12 in Hexes
 19742 | D:12     | Killed Jorgrun
 19873 | Orc:1    | Entered Level 1 of the Orcish Mines
 19873 | Orc:1    | Found a roughly hewn altar of Beogh.
 19921 | Orc:1    | Demolished by an ettin
 19921 | Orc:1    | Lost a life (0 lives remaining)
 19940 | Orc:2    | Entered Level 2 of the Orcish Mines
 20068 | Orc:2    | Found a staircase to the Elven Halls.
 21305 | D:3      | Bought the ring of the Skiapode {rElec rPois rF+++ rN+
                  | Dex-2} for 759 gold pieces
 22916 | Lair:5   | Reached skill level 13 in Hexes
 23671 | Lair:5   | Identified the ring "Zekhlob" {Will+ Dex+6}
 24079 | D:14     | Found a transporter.
 24080 | D:14     | Found Ymyggoqa's Book Emporium.
 24111 | D:14     | Found a transporter.
 24118 | D:14     | Bought a book of Spatial Translocations for 324 gold pieces
 24121 | D:14     | Learned a level 2 spell: Blink
 24124 | D:14     | Learned a level 2 spell: Lesser Beckoning
 24302 | D:14     | Found Pitapnot's Armour Boutique.
 24313 | D:13     | Noticed Erolcha
 24582 | D:14     | Found Okkirr's Assorted Antiques.
 24629 | D:14     | Found Jyzyub Gyawk's Distillery.
 25027 | D:14     | Killed Erolcha
 25693 | D:15     | Entered Level 15 of the Dungeon
 25776 | D:15     | Noticed Rupert
 25919 | Orc:1    | Reached skill level 14 in Hexes
 25999 | Orc:1    | Found Dezafiqi's Weapon Emporium.
 26141 | Orc:1    | Reached XP level 15. HP: 80/80 MP: 26/29
 26729 | Orc:2    | Found Zyqocum's Distillery.
 26729 | Orc:2    | Found Paghasex's Jewellery Boutique.
 26729 | Orc:2    | Found Qutrum's Magic Scroll Shop.
 26729 | Orc:2    | Found Qudu's Magic Scroll Shoppe.
 27037 | Elf:1    | Entered Level 1 of the Elven Halls
 27307 | Elf:1    | Reached skill level 10 in Spellcasting
 27307 | Elf:1    | Reached skill level 15 in Hexes
 27411 | Elf:1    | Noticed a deep elf sorcerer
 27447 | Elf:1    | Found Verphuvaq's Armour Boutique.
 27663 | Snake:1  | Entered Level 1 of the Snake Pit
 27718 | Shoals:1 | Entered Level 1 of the Shoals
 28382 | Orc:2    | Bought a potion of heal wounds for 90 gold pieces
 28382 | Orc:2    | Bought a potion of curing for 54 gold pieces
 28382 | Orc:2    | Bought a potion of curing for 54 gold pieces
 28382 | Orc:2    | Bought a potion of curing for 54 gold pieces
 28383 | Orc:2    | Bought a scroll of blinking for 127 gold pieces
 28679 | Shoals:2 | Reached skill level 16 in Hexes
 28841 | Shoals:2 | Upgraded the game from 0.32-a0-931-g5a2cda0 to
                  | 0.32-a0-933-ga8fa363
 28934 | Shoals:2 | Noticed Polyphemus
 28960 | Shoals:2 | Noticed a kraken
 28974 | Shoals:2 | Learned a level 8 spell: Discord
 29734 | Shoals:2 | Killed Polyphemus
 29815 | Shoals:2 | HP: 2/80 [manticore (10)]
 29837 | Shoals:2 | Slain by a faun

Illustrated notes

Levels and vault maps discovered:
D:1:      onia_arrival_mini_spirals, layout_basic, serial_glass,
          glass_columns_a, glass_columns_c, glass_columns_a, glass_columns_a,
          glass_columns_b
D:2:      layout_rooms
D:3:      layout_loops_ring, mainiacjoe_overflow_alcove_2, serial_shops,
          nicolae_shop_real_fake_doors, hellmonk_ecumenical_altar_leap_of_faith
D:4:      layout_basic, zin_academy, mainiacjoe_overflow_concentric_impassable,
          minmay_fire_ice_demons
D:5:      layout_basic, mainiacjoe_overflow_swirl, serial_shops,
          nicolae_shop_tiny_real_fake_doors, grunt_ministairs_9
D:6:      layout_basic, serial_shops, nicolae_shop_back_alley_shop,
          nicolae_shop_hallway_stairs, minmay_misc_feat_cross,
          kennysheep_cross_room, hangedman_abyss_or_decor_stabs, nrook_campfire
D:7:      layout_rooms, minmay_temple_entry_butterflies, st_stairs_12,
          amcnicky_mini_rare_corridor_liquid, kennysheep_potato, uniq_maurice
D:8:      layout_basic, serial_curves, eino_curves_01, eino_curves_03
D:9:      layout_stronghold, nicolae_qazlal_style_of_elements,
          vehumet_altar_wand_db, grunt_ministairs_4, uniq_jeremiah, uniq_pikel
D:10:     layout_basic, grunt_temple_overflow_open, serial_co_window_serial,
          co_window_corner_a, co_window_paths_a, co_window_paths_a,
          co_window_paths_b, co_window_paths_a, co_window_2corner,
          co_window_broadway_b, co_window_of_opportunity_b,
          co_window_broadway_a, co_window_broadway_b, co_window_paths_c,
          co_window_broadway_a, glass_columns_a, glass_columns_c,
          glass_columns_c
D:11:     layout_basic, minmay_lair_entry_grove, minivault_1,
          nicolae_shop_self_help
D:12:     layout_roguey, orc_david_3, serial_shops, shop, shop,
          lemuel_nasty_fountain, uniq_jorgrun
D:13:     layout_rooms, uniq_erolcha
D:14:     layout_loops_ring, skrybe_vaults_entry_preservation, serial_shops,
          nicolae_shop_stone, shop, nicolae_shop_drivethru,
          nicolae_shop_temple_entry_statues_fountains
D:15:     hangedman_depths_entry_try_elsewhere_first, layout_basic,
          nicolae_titane, gammafunk_ghost_hydra_chop, dreamdust_wasp_nest,
          uniq_rupert
Temple:   hellmonk_temple_flake
Lair:1:   layout_roguey, basic_altar, lemuel_another_geyser
Lair:2:   layout_chaotic_city, minmay_shoals_entry_beasts,
          nicolae_lair_lindhole, grunt_megastairs_2, uniq_maggie
Lair:3:   layout_long_grid, dummy_snake_entry
Lair:4:   layout_misc_corridors, nicolae_slime_entry_field_trip,
          cheibrodos_lair_reptile_den, uniq_urug, uniq_sonja
Lair:5:   hangedman_lair_in_review, layout_gridlike, guppyfry_lair_end_dragon,
          grunt_megastairs_3, infiniplex_staircase_pool, uniq_nessos
Shoals:1: layout_shoals
Shoals:2: layout_shoals, nicolae_shoals_arrival_archipelago, uniq_polyphemus
Snake:1:  layout_cave_shapes
Orc:1:    layout_caves, basic_altar, serial_shops, nicolae_shop_tiny_glass
Orc:2:    st_orc_ogre_mass, layout_diamond_mine
Elf:1:    elf_arrival_001, layout_loops_ring, minmay_elf_crystal_hexagon,
          palyth_stone_intersect, nicolae_elf_big_sculpture_1, minivault_23,
          minmay_shop_grid_forest, minmay_misc_feat_diagonals
Elf:2:    elven_hall_of_blades_hangedman_original
          [nicolae_blade_entry_crossed_weapons], layout_rooms, minmay_shoptagon,
          uniq_louise

Skill      XL: |  1  2  3  4  5  6  7  8  9 10 11 12 13 14 15 |
---------------+----------------------------------------------+-----
Stealth        | 1 2 3 4 5 6 7 8 10 | 10.0
Dodging        | 3 4 6 7 8 10 | 10.0
Shapeshifting  | 3 4 5 6 7 8 9 11 13 | 13.7
Fighting       | 2 3 4 5 6 7 9 10 | 10.0
Unarmed Combat | 4 5 6 7 8 9 10 | 10.0
Hexes          | 3 5 6 8 11 14 16 | 16.6
Spellcasting   | 2 3 4 5 7 9 11 | 11.1
Translocations | 3 4 6 7 |  7.3

Action                     |  1- 3 |  4- 6 |  7- 9 | 10-12 | 13-15 || total
---------------------------+-------+-------+-------+-------+-------++-------
  Melee: Unarmed           |   119 |   163 |   270 |   816 |  1219 ||  2587
         Bite              |    11 |    19 |    33 |   127 |   199 ||   389
         Punch             |     2 |       |    15 |    10 |    52 ||    79
   Cast: Ensorcelled Hiber |       |       |     3 |    25 |   146 ||   174
         Anguish           |       |       |       |       |    42 ||    42
         Passage of Golubr |       |       |       |       |     2 ||     2
         Passwall          |       |       |       |       |     1 ||     1
         Enfeeble          |       |       |       |       |    35 ||    35
         Cause Fear        |       |       |       |       |     9 ||     9
         Blink             |       |       |       |       |     5 ||     5
         Lesser Beckoning  |       |       |       |       |    11 ||    11
         Discord           |       |       |       |       |     2 ||     2
 Invoke: Reject Sacrifices |       |       |       |     2 |     2 ||     4
         Sacrifice Artific |       |       |       |       |     1 ||     1
  Evoke: Wand              |       |       |     7 |    32 |       ||    39
         Box of beasts     |       |       |       |     1 |       ||     1
    Use: Potion            |     2 |     2 |     3 |     9 |    11 ||    27
         Scroll            |       |     7 |     6 |    15 |    13 ||    41
   Stab: Sleeping          |     1 |     9 |    11 |    14 |    86 ||   121
         Distracted        |       |     2 |       |       |     8 ||    10
         Paralysed         |       |       |       |     4 |       ||     4
         Invisible         |       |       |       |       |    34 ||    34
         Petrified         |       |       |       |       |     3 ||     3
 Armour: Skin              |    42 |    46 |    81 |   209 |   424 ||   802
  Dodge: Dodged            |    64 |   126 |   178 |   768 |  1057 ||  2193
  Block: Other             |       |       |    15 |   173 |    89 ||   277
         Reflection        |       |       |       |     2 |     2 ||     4
   Form: Flux              |       |       |       |     2 |     3 ||     5
         Beast             |       |       |       |     1 |     4 ||     5

Table legend: (Time is in decaauts)
 A = Elapsed time spent in this place.
 B = Non-inter-level travel time spent in this place.
 C = Inter-level travel time spent in this place.
 D = Time resting spent in this place.
 E = Time spent auto-exploring this place.
 F = Levels seen in this place.
 G = Mean time per level.
                   A        B        C        D        E       F      G
               +--------+--------+--------+--------+--------+-----+--------+
         Total |  29577 |  26325 |   3252 |   6728 |     99 |  28 | 1056.3 |
       Dungeon |  14776 |  12682 |   2094 |   1926 |     99 |  15 |  985.1 |
        Temple |     18 |     10 |      8 |      0 |      0 |   1 |   18.0 |
          Lair |  10421 |   9494 |    927 |   3789 |      0 |   5 | 2084.2 |
        Shoals |   1851 |   1756 |     95 |    608 |      0 |   2 |  925.5 |
     Snake Pit |      1 |      1 |      0 |      0 |      0 |   1 |    1.0 |
  Orcish Mines |   2113 |   1987 |    126 |    304 |      0 |   2 | 1056.5 |
   Elven Halls |    394 |    394 |      0 |    100 |      0 |   2 |  197.0 |
               +--------+--------+--------+--------+--------+-----+--------+

Top non-repeatable levels by time:
  Lair:5: 4154 daAuts
  Lair:2: 2009 daAuts
   Orc:2: 1543 daAuts
  Lair:1: 1526 daAuts
    D:10: 1462 daAuts
  Lair:4: 1457 daAuts
     D:6: 1367 daAuts
    D:11: 1315 daAuts
     D:9: 1305 daAuts
  Lair:3: 1274 daAuts
    D:12: 1248 daAuts
Shoals:1: 1235 daAuts
    D:14: 1185 daAuts
     D:7: 1102 daAuts
     D:5: 950 daAuts
